 Dungeon Crawl Stone Soup version 0.24.0-29-g8ce449bc06 (webtiles) character file.

Game seed: 2917427339040117972, levelgen mode: deterministic

672 Delamore the Cleaver (level 7, 0/57 HPs)
             Began as a Hill Orc Fighter on Nov 14, 2019.
             Slain by an iguana (9 damage)
             ... on level 4 of the Dungeon.
             The game lasted 00:04:27 (2535 turns).

Delamore the Cleaver (Hill Orc Fighter)             Turns: 2535, Time: 00:04:27

Health: 0/57       AC:  8    Str: 21    XL:     7   Next: 59%
Magic:  7/7        EV:  8    Int:  8    God:
Gold:   192        SH:  9    Dex: 10    Spells: 6/6 levels left

rFire    . . .     SeeInvis .   a - +0 war axe
rCold    + . .     Gourm    .   c - +0 shield
rNeg     . . .     Faith    .   r - +1 leather armour {rC+}
rPois    .         Spirit   .   n - +2 helmet
rElec    .         Reflect  .   l - +0 cloak
rCorr    .         Harm     .   (no gloves)
MR       .....                  (no boots)
Stlth    +.........             (no amulet)
HPRegen  0.19/turn              (no ring)
MPRegen  0.10/turn              (no ring)

@: no status effects
A: no striking features
a: no special abilities


You were on level 4 of the Dungeon.
You were not hungry.

You visited 1 branch of the dungeon, and saw 6 of its levels.

You collected 192 gold pieces.

Inventory:

Hand Weapons
 a - a +0 war axe (weapon)
 p - a +0 battleaxe
Missiles
 q - 10 poisoned darts (quivered)
Armour
 b - a +0 scale mail of cold resistance
 c - a +0 shield (worn)
 l - a +0 cloak (worn)
 n - a +2 helmet (worn)
 r - a +1 leather armour of cold resistance (worn)
 u - a +1 hat
Jewellery
 k - an uncursed ring of ice
Wands
 s - a wand of enslavement (10)
 x - a wand of flame (21)
Scrolls
 h - 2 scrolls of remove curse {unknown}
 i - 2 scrolls of random uselessness {unknown}
 j - 3 scrolls of identify {unknown}
 w - a scroll of teleportation {unknown}
 y - a scroll of blinking {unknown}
Potions
 d - a potion of might
 e - 2 potions of berserk rage {unknown}
 g - 2 potions of heal wounds {unknown}
 m - a potion of degeneration {unknown}
 o - a potion of invisibility {unknown}
 t - a potion of ambrosia {unknown}
Comestibles
 f - 5 rations
 v - 11 chunks of flesh


   Skills:
 - Level 3.6 Fighting
 + Level 10.7 Axes
 - Level 3.2 Armour
 - Level 3.2 Shields


You had 6 spell levels left.
You didn't know any spells.
Your spell library contained the following spells:

 Spells                   Type           Power        Failure   Level  Hunger
 Bolt of Magma            Conj/Fire/Erth #.........   100%        5    ######.
 Iskenderun's Battlesphe  Conj/Chrm      #.......     100%        5    ######.
 Venom Bolt               Conj/Pois      #.........   100%        5    ######.
 Iron Shot                Conj/Erth      #.........   100%        6    #######
 Orb of Destruction       Conj           #.........   100%        7    #######
 Spellforged Servitor     Conj/Summ      #.........   100%        7    #######


Dungeon Overview and Level Annotations

Branches:
Dungeon (6/15)
 Temple: D:4-7

Altars:


Message History

You are too injured to fight recklessly!
You are too injured to fight recklessly!
You hit the giant cockroach.
You kill the giant cockroach!
You hit the iguana but do no damage. The iguana barely misses you.
There is an open door here.
You hit the iguana.
The iguana is moderately wounded.
The iguana bites you.
You hit the iguana but do no damage.
The iguana is moderately wounded.
The iguana bites you!
* * * LOW HITPOINT WARNING * * *
You hit the iguana but do no damage.
The iguana is moderately wounded.
The iguana completely misses you.
You barely miss the iguana.
The iguana is moderately wounded.
The iguana bites you!
You die...

##### #### #...#
#########
...######...#####........
................@l.......
..###############........
#..... ..# .........
#..... ..#
.############..... ..# ##
##.......# ..# #
....##..# ###
#.###.#.#...# #.#
####.#.#.#.#...# '.#
................


You could see an iguana.

Vanquished Creatures
  3 ogres
  A bullfrog (D:6)
  A howler monkey (D:6)
  A hound (D:4)
  5 orc wizards
  3 adders
  An adder skeleton (D:4)
  3 worms
  A dart slug (D:1)
  3 leopard geckos
  11 orcs
  3 bats
  12 giant cockroaches
  5 goblins
  5 hobgoblins
  5 jackals
  2 quokkas
  3 ball pythons
  5 frilled lizards
  12 kobolds
  11 rats
96 creatures vanquished.

Notes
Turn   | Place    | Note
-------+----------+-------------------------------------------
     0 | D:1      | Delamore the Hill Orc Fighter began the quest for the Orb.
     0 | D:1      | Reached XP level 1. HP: 19/19 MP: 1/1
    46 | D:1      | Reached skill level 3 in Axes
    59 | D:1      | Reached XP level 2. HP: 26/26 MP: 2/2
   128 | D:1      | Reached skill level 4 in Axes
   209 | D:1      | Reached XP level 3. HP: 31/31 MP: 3/3
   598 | D:2      | Reached skill level 5 in Axes
   690 | D:2      | Reached XP level 4. HP: 29/39 MP: 4/4
  1002 | D:2      | Reached skill level 6 in Axes
  1797 | D:3      | You fall into a shaft and drop 3 floors!
  1826 | D:6      | Reached skill level 7 in Axes
  1826 | D:6      | Reached XP level 5. HP: 43/45 MP: 5/5
  1935 | D:5      | Entered Level 5 of the Dungeon
  1935 | D:5      | Noticed an ogre
  1942 | D:5      | Killed an ogre
  1942 | D:5      | Reached skill level 8 in Axes
  1942 | D:5      | Reached XP level 6. HP: 51/51 MP: 6/6
  2004 | D:5      | Reached skill level 9 in Axes
  2027 | D:5      | Reached XP level 7. HP: 19/57 MP: 7/7
  2229 | D:4      | Reached skill level 10 in Axes
  2535 | D:4      | Slain by an iguana

Levels and vault maps discovered:
D:1:      lightli_arrival_farm, layout_rooms, minmay_worlds_worst_comb
D:2:      layout_rooms, first_ration
D:3:      layout_loops_ring
D:4:      layout_basic, minmay_temple_entry_nine_rooms,
          cheibrodos_sewer_entry_drain, minmay_diced_spiral
D:5:      layout_loops_cross, grunt_tough_drop
D:6:      layout_rooms, serial_glass, glass_columns_c, glass_columns_a,
          due_unseen_surprise, vehumet_altar_wand_db

Skill      XL: |  1  2  3  4  5  6  7 |
---------------+----------------------+-----
Axes           | 3 4 5 7 8 9 10 | 10.7
Fighting       | |  3.6
Armour         | |  3.2
Shields        | |  3.2

Action                   |  1- 3 |  4- 6 |  7- 9 || total
-------------------------+-------+-------+-------++-------
Melee: War axe           |   115 |   129 |    53 ||   297
Throw: Dart              |       |       |     2 ||     2
  Eat: Chunk             |       |     4 |     2 ||     6
Armor: Scale mail        |    48 |    39 |       ||    87
       Leather armour    |       |    11 |    12 ||    23
Dodge: Dodged            |    37 |    44 |    19 ||   100
Block: Shield            |    67 |    61 |    27 ||   155
